 Dungeon Crawl Stone Soup version 0.18.1-51-gd549091e01 (webtiles) character file.

21788 magog001 the Protected (level 12, 0/108 HPs)
             Began as a Minotaur Fighter on July 4, 2020.
             Was an Elder of Nemelex Xobeh.
             Slain by an eight-headed hydra (8 damage)
             ... on level 4 of the Lair of Beasts.
             The game lasted 01:02:56 (11260 turns).

magog001 the Protected (Minotaur Fighter)          Turns: 11260, Time: 01:02:56

Health: 0/108      AC: 23    Str: 25    XL:     12   Next: 57%
Magic:  12/12      EV:  8    Int:  7    God:    Nemelex Xobeh [****..]
Gold:   431        SH:  0    Dex: 11    Spells: 0 memorised, 11 levels left

rFire  . . .     SeeInvis .     p - +2 glaive (venom)
rCold  . . .     Gourm    +     G - +0 plate armour
rNeg   . . .     Faith    .     (shield currently unavailable)
rPois  .         Spirit   .     (helmet unavailable)
rElec  .         Dismiss  .     r - +1 cloak
rCorr  .         Reflect  .     n - +0 pair of gloves
SustAt .         Harm     .     (no boots)
MR     .....                    w - amulet of the gourmand
Stlth  ..........               B - ring of stealth
                                Q - ring of flight

@: not resistant to hostile enchantments, extremely unstealthy
A: retaliatory headbutt, horns 3, molten scales 1, thin metallic scales 1,
blurry vision 1, clever 1, regeneration 1, wild magic 1
a: Triple Draw, Deal Four, Renounce Religion, Evoke Flight


You were on level 4 of the Lair of Beasts.
You worshipped Nemelex Xobeh.
Nemelex Xobeh was greatly pleased with you.
You were very full.

You visited 2 branches of the dungeon, and saw 12 of its levels.
You also visited: Labyrinth.

You collected 597 gold pieces.

Inventory:

Hand Weapons
 p - a +2 glaive of venom (weapon)
Missiles
 Y - 5 javelins of returning (quivered)
Armour
 n - a +0 pair of gloves (worn)
 r - a +1 cloak (worn)
 G - a +0 plate armour (worn)
Jewellery
 w - an amulet of the gourmand (around neck)
 x - an uncursed ring of magical power
 B - a ring of stealth (right hand)
 Q - a ring of flight (left hand)
Wands
 c - a wand of confusion (36/48)
 g - a wand of flame (20/48)
 m - a wand of flame (25/48)
 v - a wand of teleportation (4/9)
 H - a wand of flame (20/48)
 M - a wand of iceblast (11/15)
 N - a wand of teleportation (3/9)
 R - a wand of acid (5/15)
 S - a wand of lightning (7/15)
 V - a wand of flame (8/48)
 X - a wand of iceblast (3/15)
Scrolls
 i - 9 scrolls of identify
 j - 6 scrolls of teleportation
 l - a scroll of fear
 o - 2 scrolls of blinking
 y - 3 scrolls of remove curse
 E - a scroll of magic mapping
 P - a scroll of amnesia
 Z - a scroll of brand weapon {unknown}
Potions
 k - a potion of lignification {unknown}
 u - 2 potions of flight
 z - a potion of haste
 F - a potion of cancellation {unknown}
 J - a potion of agility {unknown}
Books
 T - a book of Frost

   Spells                             Type                      Level
   a - Freeze                         Ice                          1
   b - Throw Frost                    Conjuration/Ice              2
   c - Ozocubu's Armour               Charms/Ice                   3
   d - Throw Icicle                   Conjuration/Ice              4
   e - Summon Ice Beast               Ice/Summoning                4
 U - the Disquisition on Gliding Protection
   (You found it in a labyrinth)

   Spells                             Type                      Level
   a - Shock                          Conjuration/Air              1
   b - Swiftness                      Charms/Air                   2
   c - Regeneration                   Charms/Necromancy            3
   d - Spectral Weapon                Hexes/Charms                 3
   e - Excruciating Wounds            Charms/Necromancy            5
   f - Poisonous Cloud                Conjuration/Poison/Air       6
Miscellaneous
 b - an ornate deck of war
 e - a plain deck of destruction
 h - an ornate deck of destruction {drawn: 3}
 q - a plain deck of destruction
 s - a plain deck of war
 t - a plain deck of wonders {drawn: 3}
 C - a plain deck of war
 O - a plain deck of war
Comestibles
 d - 3 royal jellies
 f - 8 meat rations
 A - 7 bread rations
 D - 9 slices of pizza
 I - 3 beef jerkies


   Skills:
 + Level 10.8 Fighting
   Level 9.9(12.1) Axes
 * Level 11.5(12.9) Polearms
 * Level 14.5 Armour
   Level 10.2 Shields
 + Level 1.3 Evocations


You had 11 spell levels left.
You didn't know any spells.

Dungeon Overview and Level Annotations

Branches:
Dungeon (8/15)             Temple (0/1) D:4            Lair (4/8) D:8
  Swamp (0/4) Lair:3
  Snake: Lair:3-6    Spider: Lair:3-6

Altars:
Fedhas
Nemelex Xobeh


Innate Abilities, Weirdness & Mutations

You reflexively headbutt those who attack you in melee.
You have a pair of large horns on your head.
You are partially covered in molten scales (AC +1).
You are partially covered in thin metallic scales (AC +2).
Scrolls take you a little longer to read.
Your mind is acute. (Int +2)
Your natural rate of healing is unusually fast.
Your spells are a little harder to cast, but a little more powerful.


Message History

The water moccasin dies!
The eight-headed hydra looks more healthy.
You enter the shallow water.
Moving in this stuff is going to be slow.
The eight-headed hydra bites you.
* * * LOW HITPOINT WARNING * * *
The eight-headed hydra bites you but does no damage. x2
The eight-headed hydra bites you.
* * * LOW HITPOINT WARNING * * *
The eight-headed hydra bites you.
* * * LOW HITPOINT WARNING * * *
The eight-headed hydra bites you.
* * * LOW HITPOINT WARNING * * *
The eight-headed hydra bites you but does no damage. x2
The eight-headed hydra bites you but does no damage.
The eight-headed hydra barely misses you.
The eight-headed hydra closely misses you.
The eight-headed hydra bites you!
You die...
Your body glows with a rainbow of weird colours and disappears.

.###............##............>..
...<...........##.#..#......÷...#
P##............########..........
##.....#......#######..#.........
#...[.......P###.#.####.........
#.........#....#...#####........
##............###....##.........
###...........##............<.#
#...........@D≈.....>.......#
#.<...<...≈.≈≈≈≈≈≈....####..#
##.........≈≈≈≈≈≈≈.....# ##.P
#P.......≈≈≈≈≈≈≈≈≈...## ###
###.......≈≈≈.≈.≈≈≈...## ##
#.#......≈≈≈≈.>≈≈≈≈≈...#####N
##.∩#.P...≈≈≈≈..≈≈≈...[.....†
###....###..≈≈≈≈≈≈≈≈≈....##.P##
*##...##.# #...≈≈≈≈≈≈≈≈.#########


You could see an eight-headed hydra.

Vanquished Creatures
  Rupert (Lair:4)
  Maud (Lair:4)
  Snorg (Lair:3)
  A minotaur (Lab)
  2 oklob plants (Lair:3)
  A griffon (Lair:3)
  7 elephants (Lair:4)
  2 black mambas
  5 spiny frogs
  Joseph (D:7)
  4 komodo dragons
  A rime drake (Lair:3)
  A polar bear (Lair:3)
  A wyvern (D:8)
  A wraith (D:6)
  A basilisk (Lair:1)
  A human (D:7)
  6 yaks
  8 hippogriffs
  An insubstantial wisp (Lair:3)
  15 water moccasins
  6 porcupines
  3 orc warriors
  A sky beast (D:6)
  An ice beast (D:6)
  4 phantoms
  A black bear (D:7)
  6 ogres
  An eye of draining (D:8)
  A centaur (D:7)
  5 crocodiles
  11 giant frogs
  A scorpion (D:7)
  A wyvern skeleton (D:8)
  5 killer bees (D:8)
  An electric eel (Lair:4)
  3 howler monkeys (D:7)
  4 lava snakes (Lab)
  2 crimson imps (D:5)
  A quasit (D:5)
  4 orc priests (D:6)
  4 hounds
  A centaur skeleton (D:5)
  A giant frog skeleton (D:4)
  9 iguanas
  4 orc wizards
  4 worker ants
  4 sheep
  A hound skeleton (D:5)
  2 worker ant zombies (D:6)
  4 gnolls (D:7)
  20 adders
  A river rat (Lair:2)
  A shadow imp (D:5)
  An ooze (D:1)
  An adder zombie (D:5)
  6 worms
  An adder skeleton (D:6)
  4 dart slugs
  6 giant geckos
  25 orcs
  3 bats
  9 giant cockroaches
  9 hobgoblins
  10 jackals
  6 kobolds
  3 quokkas
  5 giant newts
  5 goblins
  A quokka skeleton (D:4)
  A quokka zombie (D:8)
  6 rats
  A bush (Lair:2)
  3 fungi
  A plant (Lair:3)
287 creatures vanquished.

Vanquished Creatures (collateral kills)
  A water moccasin (Lair:4)
1 creature vanquished.

Vanquished Creatures (others)
  An adder (Lair:4)
  3 fungi
4 creatures vanquished.

Grand Total: 292 creatures vanquished

Notes
Turn   | Place    | Note
--------------------------------------------------------------
     0 | D:1      | magog001 the Minotaur Fighter began the quest for the Orb.
     0 | D:1      | Reached XP level 1. HP: 19/19 MP: 0/0
    24 | D:1      | Reached XP level 2. HP: 22/27 MP: 1/1
   484 | D:2      | Reached XP level 3. HP: 27/33 MP: 2/2
   678 | D:2      | Reached skill level 4 in Armour
  1065 | D:2      | Reached XP level 4. HP: 40/40 MP: 3/3
  1977 | D:3      | Found a sparkling altar of Nemelex Xobeh.
  1980 | D:3      | Became a worshipper of Nemelex Xobeh the Trickster
  2158 | D:3      | Received a gift from Nemelex Xobeh
  2286 | D:3      | Reached XP level 5. HP: 47/47 MP: 4/4
  2461 | D:4      | Found a staircase to the Ecumenical Temple.
  2600 | D:5      | Entered Level 5 of the Dungeon
  2677 | D:5      | Reached skill level 5 in Armour
  2684 | D:5      | Reached skill level 5 in Shields
  2910 | D:4      | Noticed a phantom
  2939 | D:4      | Killed a phantom
  2939 | D:4      | Reached XP level 6. HP: 18/53 MP: 5/5
  3186 | D:4      | Reached skill level 5 in Axes
  3197 | D:4      | Reached * piety under Nemelex Xobeh
  3241 | D:4      | Reached skill level 6 in Armour
  3333 | D:4      | Received a gift from Nemelex Xobeh
  3594 | D:5      | Reached XP level 7. HP: 52/60 MP: 6/6
  3601 | D:5      | Gained mutation: Scrolls take you a little longer to read. [potion of mutation]
  3601 | D:5      | Gained mutation: Your mind is acute. (Int +2) [potion of mutation]
  3601 | D:5      | Gained mutation: Your spells are a little harder to cast, but a little more powerful. [potion of mutation]
  3602 | D:5      | Gained mutation: Your magical capacity is low (-10% MP). [potion of mutation]
  3602 | D:5      | Gained mutation: You are partially covered in molten scales (AC +1). [potion of mutation]
  3603 | D:5      | Gained mutation: You have a pair of large horns on your head. [potion of mutation]
  3603 | D:5      | Gained mutation: Scrolls take you longer to read. [potion of mutation]
  3603 | D:5      | Gained mutation: Your natural rate of healing is unusually fast. [potion of mutation]
  3604 | D:5      | Lost mutation: Your magical capacity is low (-10% MP). [potion of mutation]
  3604 | D:5      | Gained mutation: You are partially covered in thin metallic scales (AC +2). [potion of mutation]
  3656 | D:5      | Reached skill level 5 in Fighting
  3894 | D:5      | Found a blossoming altar of Fedhas.
  4054 | D:5      | Found a sparkling altar of Nemelex Xobeh.
  4119 | D:5      | Reached skill level 7 in Armour
  4298 | D:6      | Reached XP level 8. HP: 49/69 MP: 7/7
  4917 | D:6      | Reached skill level 8 in Armour
  5133 | D:7      | Reached XP level 9. HP: 61/77 MP: 8/8
  5164 | D:7      | Reached ** piety under Nemelex Xobeh
  5604 | D:7      | Noticed Joseph
  5615 | D:7      | Killed Joseph
  5754 | D:7      | Identified a scroll of acquirement
  5861 | D:7      | Received a gift from Nemelex Xobeh
  5979 | D:8      | Reached skill level 9 in Armour
  6021 | D:8      | Reached skill level 10 in Shields
  6155 | D:8      | Reached XP level 10. HP: 86/86 MP: 9/9
  6371 | D:8      | Found a staircase to the Lair.
  6421 | D:8      | Reached skill level 1 in Polearms
  6478 | D:8      | Received a gift from Nemelex Xobeh
  6619 | Lair:1   | Entered Level 1 of the Lair of Beasts
  6629 | Lair:1   | Noticed a spiny frog
  6634 | Lair:1   | Killed a spiny frog
  6636 | Lair:1   | Reached *** piety under Nemelex Xobeh
  6889 | Lair:1   | Reached skill level 10 in Armour
  7017 | Lair:1   | Noticed a spiny frog
  7021 | Lair:1   | Killed a spiny frog
  7110 | Lair:1   | Received a gift from Nemelex Xobeh
  7226 | Lair:1   | Reached skill level 5 in Polearms
  7295 | Lair:2   | You fall through a shaft for 2 floors!
  7295 | Lair:4   | Noticed an elephant
  7295 | Lair:4   | Noticed an elephant
  7295 | Lair:4   | Noticed an elephant
  7298 | Lair:4   | Noticed a black mamba
  7299 | Lair:4   | Noticed an elephant
  7310 | Lair:4   | Killed an elephant
  7311 | Lair:4   | Killed an elephant
  7316 | Lair:4   | Killed a black mamba
  7316 | Lair:4   | Reached skill level 11 in Armour
  7321 | Lair:4   | Killed an elephant
  7326 | Lair:4   | Lost mutation: Scrolls take you longer to read. [helix card]
  7330 | Lair:4   | Killed an elephant
  7330 | Lair:4   | Reached XP level 11. HP: 27/97 MP: 10/10
  7378 | Lair:4   | Received a gift from Nemelex Xobeh
  7385 | Lair:4   | Found a labyrinth entrance.
  7397 | Lab      | Entered a labyrinth
  7617 | Lab      | Noticed a minotaur
  7631 | Lab      | Killed a minotaur
  7828 | Lab      | Identified the Disquisition on Gliding Protection
  7891 | Lab      | Reached **** piety under Nemelex Xobeh
  7982 | Lair:4   | Noticed Maud
  7993 | Lair:4   | Killed Maud
  7993 | Lair:4   | Reached skill level 12 in Armour
  8073 | Lair:3   | Noticed an oklob plant
  8084 | Lair:3   | Killed an oklob plant
  8252 | Lair:3   | Noticed a griffon
  8259 | Lair:3   | Killed a griffon
  8408 | Lair:2   | Received a gift from Nemelex Xobeh
  8556 | Lair:2   | Reached skill level 1 in Evocations
  8773 | Lair:2   | HP: 2/99 [yak (8)]
  8989 | Lair:2   | Reached skill level 13 in Armour
  9174 | Lair:3   | Received a gift from Nemelex Xobeh
  9186 | Lair:3   | Noticed Snorg
  9211 | Lair:3   | Killed Snorg
  9211 | Lair:3   | Reached skill level 10 in Fighting
  9474 | Lair:3   | Noticed an oklob plant
  9488 | Lair:3   | Killed an oklob plant
  9529 | Lair:3   | Reached ***** piety under Nemelex Xobeh
  9702 | Lair:3   | Found a staircase to the Swamp.
  9712 | Lair:3   | Reached skill level 10 in Polearms
  9712 | Lair:3   | Reached XP level 12. HP: 106/106 MP: 11/11
 10127 | Lair:4   | Noticed Rupert
 10133 | Lair:4   | Paralysed by Rupert for 4 turns
 10159 | Lair:4   | Killed Rupert
 10159 | Lair:4   | Reached skill level 14 in Armour
 10714 | Lair:4   | Noticed a six-headed hydra
 10722 | Lair:4   | HP: 5/108 [crocodile (13)]
 11243 | Lair:4   | Hired Untea the naga for 166 gold.
 11260 | Lair:4   | Slain by an eight-headed hydra

Skill      XL: |  1  2  3  4  5  6  7  8  9 10 11 12 |
---------------+-------------------------------------+-----
Fighting       | 4 5 6 7 9 10 | 10.8
Shields        | 4 5 6 8 10 | 10.2
Axes           | 3 4 5 6 8 9 |  9.9
Armour         | 4 5 6 7 8 9 11 13 14 | 14.5
Polearms       | 6 10 11 | 11.5
Evocations     | 1 |  1.3

Action                   |  1- 3 |  4- 6 |  7- 9 | 10-12 || total
-------------------------+-------+-------+-------+-------++-------
Melee: War axe           |    91 |   135 |   234 |       ||   460
       Headbutt          |    11 |    22 |    45 |    92 ||   170
       Glaive            |       |       |    32 |   345 ||   377
Evoke: Wand              |       |       |       |    13 ||    13
       Deck              |       |       |       |    10 ||    10
  Use: Potion            |       |     1 |     9 |     7 ||    17
       Scroll            |       |       |    18 |     7 ||    25
  Eat: Chunk             |     1 |     3 |     9 |    19 ||    32
       Bread ration      |       |     1 |       |       ||     1
       Fruit             |       |     2 |       |       ||     2
       Beef jerky        |       |     1 |       |       ||     1
       Meat ration       |       |       |     1 |       ||     1
Armor: Scale mail        |    43 |    51 |   155 |       ||   249
       Plate armour      |       |       |     8 |   384 ||   392
Dodge: Dodged            |    35 |    40 |   134 |   177 ||   386
Block: Shield            |    50 |    56 |   158 |       ||   264
